 Dungeon Crawl Stone Soup version 0.28.0-49-g6dfe1f597d (webtiles) character file.

Game seed: 8221777749126632787

270 101zpm the Magician (level 6, -2/40 HPs)
             Began as a Djinni Fire Elementalist on May 17, 2022.
             Shot with an arrow by a centaur (9 damage)
             ... on level 4 of the Dungeon.
             The game lasted 00:07:44 (5654 turns).

101zpm the Magician (Djinni Fire Elementalist)      Turns: 5654, Time: 00:07:45

Health: -2/40      AC:  2    Str:  7    XL:     6   Next: 46%
Gold:   254        EV: 12    Int: 23    God:
                   SH:  0    Dex: 13

rFire   + + .      SeeInvis .   i - +5 flail "Doini" {elec, Int+4}
rCold   x . .      Faith    .   (no shield)
rNeg    . . .      Spirit   .   a - +0 robe
rPois   ∞          Reflect  .   (no helmet)
rElec   .          Harm     .   (no cloak)
rCorr   .          Rampage  .   (no gloves)
Will    .....                   (boots unavailable)
Stlth   ++........              (no amulet)
HPRegen 0.13/turn               (no ring)
MPRegen 0.00/turn               (no ring)

@: flying
A: sickness immunity, fire resistance 2, cold vulnerability 1, float, innate
caster, HP casting, extra vitality 1
a: no special abilities


You were on level 4 of the Dungeon.
You visited 1 branch of the dungeon, and saw 4 of its levels.

You collected 254 gold pieces.

Inventory:

Hand Weapons
 i - the +5 flail "Doini" (weapon) {elec, Int+4}
   (You found it on level 2 of the Dungeon)

   It occasionally discharges a powerful burst of electricity upon striking a
   foe.
   Int:       It affects your intelligence (+4).
Armour
 a - a +0 robe (worn)
Wands
 n - a wand of flame (17)
Scrolls
 b - 2 scrolls of noise {unknown}
 c - a scroll of enchant armour {unknown}
 d - a scroll of blinking {unknown}
 f - a scroll of vulnerability {unknown}
 h - 3 scrolls of amnesia {unknown}
 j - a scroll of identify {unknown}
 m - 2 scrolls of teleportation {unknown}
Potions
 e - 2 potions of curing {unknown}
 g - a potion of heal wounds {unknown}
 k - a potion of magic {unknown}
 l - a potion of attraction {unknown}


   Skills:
 + Level 2.2 Dodging
 + Level 2.0 Stealth
 + Level 5.1 Spellcasting


You couldn't memorise any spells.
You knew the following spells:

 Your Spells              Type           Power      Damage    Failure   Level
a - Foxfire               Conj/Fire      100%       2x1d9     1%          1
b - Scorch                Fire           58%        2d8       1%          2
c - Conjure Flame         Conj/Fire      29%        6-21      3%          3
d - Inner Flame           Hex/Fire       29%        N/A       3%          3
e - Flame Wave            Conj/Fire      29%        2d8       12%         4
f - Pain                  Necr           100%       1d9       1%          1
g - Ensorcelled Hibernat  Hex/Ice        58%        N/A       1%          2
Your spell library was empty.

Dungeon Overview and Level Annotations

Branches:
Dungeon (4/15)
 Temple: D:4-7

Altars:
Hepliaklqana
Nemelex Xobeh
Qazlal

Shops:
D:1 [[[!

Annotations:
D:3 1 runed translucent door, Crazy Yiuf


Innate Abilities, Weirdness & Mutations

You are immune to sickness and miasma.
You are immune to poison.
Your flesh is very heat resistant. (rF++)
You are vulnerable to cold. (rC-)
You float through the air rather than walking.
You learn spells naturally, not from books.
Your magical power is your life essence.
You have superior vitality. (+4 MHP)


Message History

The howler monkey zombie is severely damaged.
You conjure some foxfire!
The foxfire hits the howler monkey zombie.
The howler monkey zombie is almost destroyed.
The foxfire hits the howler monkey zombie.
You destroy the howler monkey zombie!
A goblin comes into view. It is wielding a +0 club.
You conjure some foxfire!
The goblin shouts!
You conjure some foxfire!
The foxfire hits the kobold.
You kill the kobold!
The foxfire hits the goblin.
The goblin is moderately wounded.
The foxfire hits the goblin!
You kill the goblin!
Your Stealth skill increases to level 2!
You conjure some foxfire!
Your foxfire dissipates!
You conjure some foxfire!
Your magical contamination has completely faded away.
You conjure some foxfire!
Your foxfire dissipates! x2
Your foxfire dissipates! x2
Your foxfire dissipates! x2
Your foxfire dissipates!
A centaur comes into view.
The centaur moves out of view.
A centaur is nearby!
Casting: Foxfire (safe; 1% risk of failure)
Confirm with . or Enter, or press ? or * to list all spells.
Aiming: Inner Flame (dangerous; 3% risk of failure)
Press: ? - help, Dir - move target, f - centaur
Aim: a centaur, quivering arrows (wandering, hasn't noticed you, chance to affect: 83%)
The centaur is filled with an inner flame.
The centaur wields a +0 shortbow of freezing.
It is covered in frost.
The centaur shoots an arrow.
The arrow hits you! The arrow freezes you.
* * * LOW HITPOINT WARNING * * *
The centaur shoots an arrow.
The arrow hits you!
You die...

#### .......
........# .........
.. . ......... ..c
........#######)##.
...............))).
......§#....@...(#
...#.............#
##.......<#######)#
...#.#............#
.)........###.####
.#..#....# #.#
#......## #.#
######.### #.#
#..###.#### #.#


You could see a centaur (inner flame).

Vanquished Creatures
  A water moccasin skeleton (D:2)
  A jelly (D:4)
  Jessica (D:2)
  A howler monkey zombie (D:4)
  Robin (D:4)
  6 adders
  2 worms (D:2)
  A dart slug (D:3)
  9 endoplasms
  4 giant cockroaches
  12 goblins
  10 hobgoblins
  3 jackals (D:1)
  11 kobolds
  7 ball pythons
  5 bats
  2 frilled lizards
  8 rats
  A spectral hobgoblin (D:3)
  A bush (D:3)
87 creatures vanquished.

Vanquished Creatures (collateral kills)
  13 foxfires (D:3)
13 creatures vanquished.

Vanquished Creatures (others)
  370 foxfires
  2 fungi (D:3)
  17 plants (D:3)
389 creatures vanquished.

Grand Total: 489 creatures vanquished

Notes
Turn   | Place    | Note
-------+----------+-------------------------------------------
     0 | D:1      | 101zpm the Djinni Fire Elementalist began the quest for the
                  | Orb.
     0 | D:1      | Reached XP level 1. HP: 15/15 MP: 0/0
   311 | D:1      | Reached XP level 2. HP: 11/21 MP: 0/0
  1035 | D:1      | Found Guerym Tor's Armour Shoppe.
  1275 | D:1      | Found Saxzet's Armour Emporium.
  1277 | D:1      | Found Kyj Qoag's Antique Armour Boutique.
  1281 | D:1      | Found Irghod's Distillery.
  1285 | D:1      | Reached skill level 3 in Spellcasting
  1291 | D:1      | Reached XP level 3. HP: 13/25 MP: 0/0
  1291 | D:1      | Learned a level 1 spell: Pain
  2608 | D:2      | Identified the +5 flail "Doini" {elec, Int+4}
  2749 | D:2      | Reached XP level 4. HP: 27/31 MP: 0/0
  2867 | D:2      | Noticed Jessica
  2873 | D:2      | Killed Jessica
  3035 | D:2      | Found a faded altar of an unknown god.
  3309 | D:2      | Reached skill level 4 in Spellcasting
  3400 | D:2      | Reached XP level 5. HP: 28/35 MP: 0/0
  3400 | D:2      | Learned a level 2 spell: Ensorcelled Hibernation
  3993 | D:4      | Found a sparkling altar of Nemelex Xobeh.
  4061 | D:4      | Reached XP level 6. HP: 27/40 MP: 0/0
  5062 | D:3      | Found a stormy altar of Qazlal.
  5089 | D:3      | Reached skill level 5 in Spellcasting
  5313 | D:3      | Found a hazy altar of Hepliaklqana.
  5448 | D:3      | Found a runed translucent door.
  5449 | D:3      | Noticed Crazy Yiuf
  5599 | D:4      | Noticed Robin
  5603 | D:4      | Killed Robin
  5654 | D:4      | Shot with an arrow by a centaur

Illustrated notes

Levels and vault maps discovered:
D:1:      dpeg_arrival_shelter, layout_basic, serial_shops, shop_statue,
          shop_coins, shop, nicolae_shop_stone, grunt_decor_clamped,
          minmay_tetromino_t2
D:2:      layout_basic, ebering_ecumenical_altar_sacrificial, uniq_jessica
D:3:      layout_rooms, mainiacjoe_overflow_catwalk,
          nicolae_hepliaklqana_monster_ancestors, nrook_loot_triangle,
          kennysheep_boxes, uniq_crazy_yiuf_cottage
D:4:      layout_basic, mainiacjoe_overflow_alcove_1,
          nicolae_overflow_hidden_temple,
          chequers_temple_overflow_statue_of_worship, tgw_trog, uniq_robin,
          uniq_natasha, uniq_menkaure

Skill      XL: |  1  2  3  4  5  6 |
---------------+-------------------+-----
Spellcasting   | 3 4 5 |  5.1
Stealth        | 2 |  2.0
Dodging        | |  2.2

Action                   |  1- 3 |  4- 6 || total
-------------------------+-------+-------++-------
Melee: Flail             |       |     5 ||     5
 Cast: Foxfire           |   109 |   126 ||   235
       Scorch            |    15 |    25 ||    40
       Inner Flame       |       |     7 ||     7
Armor: Robe              |       |     1 ||     1
Dodge: Dodged            |     3 |     2 ||     5
